 Dungeon Crawl Stone Soup version 0.32-a0-999-gfa1cc04b1d (webtiles) character file.

Game seed: 262066312602246544

1025 Cancer the Ruffian (level 8, -1/52 HPs)
             Began as an Octopode Delver on Apr 24, 2024.
             Slain by an orc
             ... wielding a +0 club
              (2 damage)
             ... on level 5 of the Dungeon.
             The game lasted 00:15:13 (5599 turns).

Cancer the Ruffian (Octopode Delver)                Turns: 5599, Time: 00:15:13

Health: -1/52      AC:  1    Str: 14    XL:     8   Next: 23%
Magic:  8/8        EV: 12    Int: 12    God:
Gold:   295        SH:  0    Dex: 13    Spells: 7/7 levels left

rFire   . .          .
                       - Unarmed
rCold   . . .        (no shield)
rNeg    . . .        (helmet currently unavailable)
rPois   .            (no amulet)
rElec   .            (no ring)
rCorr   .            (no ring)
SInv    .            (no ring)
Will    .....        (no ring)
Stlth   ++++         (no ring)
HPRegen 0.28/turn    (no ring)
MPRegen 0.11/turn    (no ring)
                     (no ring)

%: no passive effects
@: beast-form, marked, studying Earth Magic
A: beast (slay +3), almost no armour, amphibious, 8 rings, camouflage 1,
gelatinous body 1, (nimble swimmer 1), tentacles
a: Begin Untransformation, Convert to Beogh


You were on level 5 of the Dungeon.
You were a hulking beast.
You visited 1 branch of the dungeon, and saw 5 of its levels.

You collected 295 gold pieces.

Inventory:

Missiles
 r - a throwing net (quivered)
Magical Staves
 i - a staff of conjuration
 m - a staff of earth
Talismans
 g - a beast talisman (active)
Wands
 e - a wand of digging (3)
 x - a wand of polymorph (9)
Scrolls
 a - 3 scrolls of fog
 b - a scroll of revelation
 c - a scroll of fear
 h - 2 scrolls of blinking {unknown}
 j - 5 scrolls of identify {unknown}
 l - a scroll of vulnerability {unknown}
 o - 2 scrolls of enchant armour {unknown}
 t - a scroll of silence {unknown}
 u - a scroll of noise {unknown}
 y - a scroll of immolation {unknown}
Potions
 d - a potion of haste
 f - a potion of brilliance {unknown}
 k - 2 potions of mutation {unknown}
 n - a potion of magic {unknown}
 p - 3 potions of degeneration {unknown}
 q - a potion of berserk rage {unknown}
 s - a potion of might {unknown}
 v - 2 potions of curing {unknown}
 w - a potion of heal wounds {unknown}


   Skills:
 - Level 3.0 Fighting
 - Level 2.0 Dodging
 - Level 6.6 Stealth
 + Level 7.0 Unarmed Combat
 + Level 5.6 Shapeshifting


You had 7 spell levels left.
You didn't know any spells.
Your spell library contained the following spells:

 Spells                   Type           Power      Damage    Failure   Level
 Kiss of Death            Conj/Necr      0%         2d5       32%         1
 Necrotise                Necr           0%         1d4       32%         1
 Shock                    Conj/Air       0%         1d3       32%         1
 Scorch                   Fire           0%         2d5       45%         2
 Swiftness                Air            0%         N/A       69%         3
 Vampiric Draining        Necr           0%         2d6       69%         3
 Airstrike                Air            0%         2d(0-16)  97%         4
 Flame Wave               Conj/Fire      0%         2d4       97%         4
 Martyr's Knell           Necr/Summ      0%         N/A       97%         4
 Borgnjor's Vile Clutch   Necr/Erth      0%         N/A       100%        5
 Curse of Agony           Necr           0%         N/A       100%        5
 Conjure Ball Lightning   Conj/Air       0%         3x3d6     100%        6
 Death Channel            Necr           0%         N/A       100%        6
 Summon Cactus Giant      Summ           0%         N/A       100%        6
 Discord                  Hex            0%         N/A       100%        8
 Disjunction              Tloc           0%         N/A       100%        8


Dungeon Overview and Level Annotations

Branches:
Dungeon (5/15)
 Temple: D:4-7

Altars:
Nemelex Xobeh
Okawaru
Uskayaw
Beogh

Shops:
D:4 (!

Annotations:
D:2 1 runed translucent door, Crazy Yiuf
D:3 3 runed translucent doors, RockinRobin's ghost, amateur MDFi
D:4 exclusion: steam dragon
D:5 exclusions: black bear, gnoll and iguana


Innate Abilities, Weirdness & Mutations

You are a hulking beast.
Your limbs bulge with bestial killing power. (Slay +3)
You cannot wear most types of armour.
You are amphibious.
You can wear up to eight rings at the same time.
Your skin changes colour to match your surroundings (Stealth+).
Your rubbery body absorbs attacks. (AC +1, EV +1)
((You are camouflaged when in or above water. (Stealth+)))
You have tentacles for arms and can constrict up to eight enemies at once.


Message History

The hound barely misses you. The iguana bites you!
* * * LOW HITPOINT WARNING * * *
The hound completely misses you.
You tentacle-slap the hound. x2; You squeeze the hound.
You kill the hound!
The iguana closely misses you.
You bludgeon the iguana! You grab the iguana. You tentacle-slap the iguana.
You squeeze the iguana, but do no damage.
The iguana is almost dead.
You constrict the iguana.
You kill the iguana!
You closely miss the iguana. You grab the iguana. You squeeze the iguana!
The iguana is severely wounded.
You constrict the iguana.
You kill the iguana!
The gnoll hits you with a +0 club.
* * * LOW HITPOINT WARNING * * *
Your Unarmed Combat skill increases to level 7!
An orc comes into view. It is wielding a +0 club.
The orc moves out of view.
You tentacle-slap the orc wizard but do no damage.
Your grab misses the orc wizard. Your squeeze misses the orc wizard.
A gnoll comes into view. It is wielding a +0 flail.
The gnoll hits you with a +0 club.
* * * LOW HITPOINT WARNING * * *
Unknown command.
You bludgeon the orc wizard! You grab the orc wizard.
You squeeze the orc wizard.
You kill the orc wizard!
An orc priest comes into view. It is wielding a +0 dagger.
The gnoll closely misses you.
The orc priest shouts, "Beogh offers mercy even to people such as you.
Join us and be reborn!" (press Y on the ability menu to convert to Beogh)
The gnoll attacks as it pursues you! The gnoll hits you with a +0 club.
* * * LOW HITPOINT WARNING * * *
Unknown command.
The orc attacks as it pursues you! The orc misses you.
An orc wizard comes into view. It is wielding a +0 dagger.
The orc attacks as it pursues you! The orc hits you with a +0 club.
You die...

##...##.###.####.
##g##..# #......
#...#..###.####.
##g##..(........
#g#..)########.
#g##.#...รท.)<..
#.#..#.########
#.#####.##.#o#
#...ho.goo...#
##########.###
#.# #.# #.####
#....#######
#..#........
#....#######
#.#.##


You could see an orc priest, a gnoll and 2 orcs.

Vanquished Creatures
  4 ogres
  2 scorpions (D:4)
  A jelly (D:5)
  3 hounds (D:5)
  6 iguanas
  2 orc wizards
  Terence (D:2)
  4 adders
  8 gnolls
  A white imp (D:5)
  8 dart slugs
  4 ribbon worms
  5 orcs
  9 ball pythons
  5 bats
  2 endoplasms
  2 giant cockroaches
  8 goblins
  5 hobgoblins
  2 jackals (D:2)
  8 kobolds
  4 quokkas
  3 frilled lizards
  3 rats
100 creatures vanquished.

Notes
Turn   | Place    | Note
-------+----------+-------------------------------------------
     0 | D:5      | Cancer the Octopode Delver began the quest for the Orb.
     0 | D:5      | Reached XP level 1. HP: 16/16 MP: 1/1
    47 | D:5      | Noticed a hound
   136 | D:5      | Noticed a black bear
   235 | D:4      | Noticed an orc wizard
   261 | D:4      | Reached XP level 2. HP: 13/21 MP: 2/2
   287 | D:4      | Got the Precepts of Deathly Heat
   385 | D:2      | Reached skill level 3 in Unarmed Combat
   417 | D:2      | Reached skill level 1 in Shapeshifting
   417 | D:2      | Reached XP level 3. HP: 26/26 MP: 3/3
   769 | D:1      | Reached XP level 4. HP: 31/31 MP: 4/4
  1241 | D:2      | Found a runed translucent door.
  1242 | D:2      | Noticed Crazy Yiuf
  1286 | D:2      | Noticed Terence
  1553 | D:2      | Reached skill level 4 in Unarmed Combat
  1860 | D:3      | Found a sparkling altar of Nemelex Xobeh.
  1864 | D:3      | Found an iron altar of Okawaru.
  1896 | D:3      | Reached XP level 5. HP: 36/36 MP: 5/5
  2337 | D:3      | Found a hide-covered altar of Uskayaw.
  2337 | D:3      | Noticed a +0 hand axe
  2338 | D:3      | Noticed a +0 hand axe
  2568 | D:3      | Found a runed translucent gate.
  2578 | D:3      | Found a runed translucent gate.
  2578 | D:3      | Found a runed translucent gate.
  2578 | D:3      | Noticed RockinRobin's ghost (amateur MDFi)
  2796 | D:3      | Found a roughly hewn altar of Beogh.
  3125 | D:4      | Reached XP level 6. HP: 13/42 MP: 6/6
  3364 | D:4      | Found Kuhep's Distillery.
  3514 | D:4      | Reached skill level 5 in Unarmed Combat
  3920 | D:4      | Found Bagrudodd's Weapon Boutique.
  4083 | D:4      | Reached XP level 7. HP: 29/46 MP: 7/7
  4196 | D:4      | Noticed a steam dragon
  4877 | D:2      | Killed Terence
  4997 | D:5      | HP: 2/46 [ogre/+0 giant club (19)]
  5002 | D:5      | Reached skill level 6 in Unarmed Combat
  5301 | D:5      | Reached skill level 5 in Shapeshifting
  5337 | D:5      | Reached XP level 8. HP: 18/52 MP: 8/8
  5594 | D:5      | Reached skill level 7 in Unarmed Combat
  5597 | D:5      | HP: 1/52 [gnoll/+0 club[a gnoll bouda] (6)]
  5599 | D:5      | Slain by an orc

Illustrated notes

Levels and vault maps discovered:
D:1:      amcnicky_arrival_choice, layout_basic
D:2:      layout_loops_ring, uniq_terence, uniq_crazy_yiuf_cottage
D:3:      layout_rooms, mainiacjoe_overflow_divided_tiny,
          dancing_weapons_uskayaw, biasface_ghost_orc_armoury,
          serial_corexii_hall, corexii_hall_statues_i,
          chequers_hall_statues_corner_a, corexii_hall_statues_x,
          corexii_hall_statues_i, kennysheep_generic_room_13
D:4:      minmay_chambers_of_threes, layout_cave_pools, serial_shops,
          nicolae_shop_crystal, nicolae_lakefront_shop, minmay_small_thing
D:5:      minmay_spotlight, layout_loops_ring, kennysheep_mini_moat

Skill      XL: |  1  2  3  4  5  6  7  8 |
---------------+-------------------------+-----
Unarmed Combat | 3 4 5 6 7 |  7.0
Shapeshifting  | 1 2 3 4 5 |  5.6
Fighting       | |  3.0
Dodging        | |  2.0
Stealth        | |  6.6

Action                     |  1- 3 |  4- 6 |  7- 9 || total
---------------------------+-------+-------+-------++-------
  Melee: Unarmed           |    45 |    96 |    37 ||   178
         Tentacles         |    14 |    22 |    19 ||    55
         Constrict         |    17 |    33 |    13 ||    63
         Punch             |     2 |     3 |     5 ||    10
   Stab: Sleeping          |     9 |    21 |     3 ||    33
 Armour: Skin              |    15 |    41 |    16 ||    72
  Dodge: Dodged            |    20 |    45 |    16 ||    81
   Form: Beast             |     1 |       |       ||     1

Table legend: (Time is in decaauts)
 A = Elapsed time spent in this place.
 B = Non-inter-level travel time spent in this place.
 C = Inter-level travel time spent in this place.
 D = Time resting spent in this place.
 E = Time spent auto-exploring this place.
 F = Levels seen in this place.
 G = Mean time per level.
                   A        B        C        D        E       F      G
               +--------+--------+--------+--------+--------+-----+--------+
         Total |   5593 |   4597 |    996 |    613 |   2585 |   5 | 1118.6 |
       Dungeon |   5593 |   4597 |    996 |    613 |   2585 |   5 | 1118.6 |
               +--------+--------+--------+--------+--------+-----+--------+

Top non-repeatable levels by time:
     D:4: 1737 daAuts
     D:3: 1337 daAuts
     D:2: 1176 daAuts
     D:5: 674 daAuts
     D:1: 667 daAuts
